 Dungeon Crawl Stone Soup version 0.28.0 (webtiles) character file.

Game seed: 2738399138875478193

69 pkoi the Conjurer (level 4, -5/33 HPs)
             Began as a Draconian Conjurer on Feb 8, 2022.
             Killed by nerve-wracking pain
             ... invoked by an orc priest
              (13 damage)
             ... on level 3 of the Dungeon.
             The game lasted 00:02:55 (2571 turns).

pkoi the Conjurer (Draconian Conjurer)              Turns: 2571, Time: 00:02:56

Health: -5/33      AC:  8    Str:  9    XL:     4   Next: 2%
Magic:  7/8        EV: 12    Int: 21    God:
Gold:   111        SH:  0    Dex:  9    Spells: 6/9 levels left

rFire   . . .      SeeInvis .   b - +3 dagger
rCold   . . .      Faith    .   (no shield)
rNeg    . . .      Spirit   .   (armour unavailable)
rPois   +          Reflect  .   (helmet restricted)
rElec   .          Harm     .   e - +2 cloak {rPois}
rCorr   .          Rampage  .   (no gloves)
Will    .....                   (no boots)
Stlth   ++........              (no amulet)
HPRegen 0.11/turn               (no ring)
MPRegen 0.11/turn               (no ring)

@: no status effects
A: AC +5, unfitting armour, cold-blooded
a: no special abilities


You were on level 3 of the Dungeon.
You visited 1 branch of the dungeon, and saw 3 of its levels.

You collected 111 gold pieces.

Inventory:

Hand Weapons
 b - a +3 dagger (weapon)
Missiles
 f - 5 poisoned darts
Armour
 e - a +2 cloak of poison resistance (worn)
 g - an orb of guile
Wands
 h - a wand of paralysis (8)
Scrolls
 i - a scroll of blinking {unknown}
Potions
 a - a potion of curing {unknown}
 c - 2 potions of mutation {unknown}
 d - 2 potions of flight {unknown}


   Skills:
 - Level 1.7 Dodging
 - Level 1.7 Stealth
 - Level 3.0 Spellcasting
 + Level 5.0 Conjurations


You had 6 spell levels left.
You knew the following spells:

 Your Spells              Type           Power      Damage    Failure   Level
a - Magic Dart            Conj           96%        1d7       1%          1
b - Searing Ray           Conj           48%        2d6       2%          2

Your spell library contained the following spells:

 Spells                   Type           Power      Damage    Failure   Level
 Dazzling Flash           Conj/Hex       26%        N/A       14%         3
 Fulminant Prism          Conj/Hex       6%         3d7       43%         4
 Iskenderun's Mystic Bla  Conj/Tloc      13%        2d5       43%         4


Dungeon Overview and Level Annotations

Branches:
Dungeon (3/15)

Altars:


Innate Abilities, Weirdness & Mutations

Your plain brown scales are hard. (AC +5)
You cannot fit into any form of body armour.
You are cold-blooded and may be slowed by cold attacks.


Message History

An orc comes into view. It is wielding a +0 dagger.
An orc is nearby!
The magic dart hits the orc.
The orc is heavily wounded.
The magic dart hits the orc!
You kill the orc!
You have reached level 4!
You feel clever.
An orc wizard comes into view. It is wielding a +0 dagger.
You see here 10 gold pieces.
Okay, then.
You now have 111 gold pieces (gained 10).
The orc wizard shouts!
You hear a shout!
An orc priest comes into view. It is wielding a +0 hand axe.
The orc wizard points at you and mumbles some strange words.
You resist with some effort.
The orc wizard points at you and mumbles some strange words.
The magic dart hits you!
* * * LOW HITPOINT WARNING * * *
Casting: Magic Dart (safe; 1% risk of failure)
Confirm with . or Enter, or press ? or * to list all spells.
Aiming: Searing Ray (safe; 2% risk of failure)
Press: ? - help, Shift-Dir - straight line, f - orc wizard
Aim: an orc wizard, wielding a +0 dagger and wearing a +0 robe (74% to hit)
Okay, then.
The orc wizard casts a spell at you.
You are confused.
You're too confused to cast spells.
You bump into the rock wall.
The orc priest invokes the aid of Beogh against you.
Beogh smites you!
* * * LOW HITPOINT WARNING * * *
You bump into the rock wall.
You bump into the rock wall.
The orc priest hits you with a +0 hand axe.
* * * LOW HITPOINT WARNING * * *
You feel less confused.
The orc priest invokes the aid of Beogh against you.
Pain shoots through your body!
You die...

#### #.. #.#####
######.....######
o)...........oo.#
..########.####.###
........##...@<#
#####...##....†#######
#...†.............
#...##.....#######
##.........#
#..#.##.### #..#. #.#
# .. #.# .. ...


You could see an orc priest and an orc wizard.

Vanquished Creatures
  An adder (D:2)
  2 worms (D:2)
  2 dart slugs
  An orc (D:3)
  2 endoplasms (D:1)
  2 giant cockroaches (D:1)
  3 goblins (D:1)
  9 hobgoblins
  3 quokkas (D:1)
  6 ball pythons
  5 bats
  A frilled lizard (D:1)
  6 kobolds
  3 rats
46 creatures vanquished.

Notes
Turn   | Place    | Note
-------+----------+-------------------------------------------
     0 | D:1      | pkoi the Draconian Conjurer began the quest for the Orb.
     0 | D:1      | Reached XP level 1. HP: 14/14 MP: 3/3
   281 | D:1      | Reached XP level 2. HP: 20/20 MP: 0/5
  1006 | D:1      | Learned a level 2 spell: Searing Ray
  1109 | D:1      | Reached XP level 3. HP: 26/26 MP: 4/7
  1662 | D:2      | Found a faded altar of an unknown god.
  2476 | D:3      | Reached skill level 5 in Conjurations
  2548 | D:3      | Reached XP level 4. HP: 33/33 MP: 5/8
  2571 | D:3      | Killed from afar by an orc priest

Illustrated notes

Levels and vault maps discovered:
D:1:      kennysheep_arrival_forest, layout_basic, serial_forest,
          infiniplex_forest_lined_corner, infiniplex_forest_end_1,
          infiniplex_forest_lined_room_2, infiniplex_forest_clump_curved,
          infiniplex_forest_clump_small, infiniplex_forest_end_1,
          infiniplex_forest_lined_room_2, minmay_crystal_room, minivault_27
D:2:      layout_loops_ring, hellmonk_ecumenical_altar_lost_god
D:3:      layout_loops_ring, uniq_grinder

Skill      XL: |  1  2  3 |
---------------+----------+-----
Spellcasting   | 3 |  3.0
Conjurations   | 5 |  5.0
Dodging        | |  1.7
Stealth        | |  1.7

Action                   |  1- 3 |  4- 6 || total
-------------------------+-------+-------++-------
Melee: Dagger            |    17 |       ||    17
 Cast: Magic Dart        |    92 |       ||    92
       Searing Ray       |     1 |       ||     1
  Use: Scroll            |     2 |       ||     2
Armor: Skin              |     7 |       ||     7
Dodge: Dodged            |    13 |       ||    13
